 Dungeon Crawl Stone Soup version 0.31-a0-75-g6fe912e8c5 (webtiles) character file.

Game seed: 16238019826343099606

2755 Angani the Trooper (level 9, -9/50 HPs)
             Began as a Vine Stalker Monk on May 24, 2023.
             Was a Priest of Wu Jian.
             Killed from afar by a steam dragon (18 damage)
             ... with a ball of steam
             ... on level 8 of the Dungeon.
             The game lasted 00:12:25 (6494 turns).

Angani the Trooper (Vine Stalker Monk)              Turns: 6494, Time: 00:12:25

Health: -9/50      AC:  3    Str: 20    XL:     9   Next: 69%
Magic:  0/10       EV: 17    Int: 10    God:    Wu Jian [***...]
Gold:   366        SH:  0    Dex: 21    Spells: 8/8 levels left

rFire   . . .        g - +1 dagger (venom)
rCold   . . .        d - orb {light}
rNeg    . . .        b - +1 robe
rPois   .            (no helmet)
rElec   .            (no cloak)
rCorr   .            (no gloves)
SInv    .            (no boots)
Will    +....        x - amulet of faith
Stlth   +            a - +6 ring of strength
HPRegen 1.08/turn    A - +4 ring of slaying
MPRegen 0.12/turn

%: guardian spirit, faith
@: glowing
A: fangs 3, regeneration 1, magic shield, antimagic bite, no potion heal 2
a: Renounce Religion, Wall Jump, Serpent's Lash


You were on level 8 of the Dungeon.
You worshipped Wu Jian.
Wu Jian was most pleased with you.
You visited 2 branches of the dungeon, and saw 9 of its levels.
You also visited: Ossuary.

You collected 604 gold pieces.
You spent 238 gold pieces at shops.

Inventory:

Hand Weapons
 g - a +1 dagger of venom (weapon)
 k - a +0 rapier of electrocution
 s - a +0 short sword of draining
 t - a +0 short sword of holy wrath
Missiles
 e - 3 throwing nets (quivered)
Armour
 b - a +1 robe (worn)
 d - an orb of light (worn)
Jewellery
 a - a +6 ring of strength (left hand)
 x - an amulet of faith (around neck)
 A - a +4 ring of slaying (right hand)
Wands
 p - a wand of flame (12)
 v - a wand of charming (6)
Scrolls
 f - 4 scrolls of teleportation
 i - 3 scrolls of poison
 l - 2 scrolls of enchant armour
 o - 3 scrolls of noise
 u - a scroll of torment
 w - a scroll of magic mapping
 y - a scroll of enchant weapon
 z - a scroll of blinking
 B - a scroll of fear
Potions
 c - a potion of ambrosia
 h - a potion of invisibility
 j - a potion of degeneration {unknown}
 m - 5 potions of curing
 n - a potion of lignification
 q - a potion of magic
 r - 2 potions of haste


   Skills:
 + Level 7.4 Fighting
 + Level 7.3 Short Blades
 + Level 6.7 Dodging


You had 8 spell levels left.
You didn't know any spells.
Your spell library contained the following spells:

 Spells                   Type           Power      Damage    Failure   Level
 Tukima's Dance           Hex            0%         N/A       75%         3
 Passage of Golubria      Tloc           0%         N/A       98%         4
 Blade Hands              Tmut           0%         N/A       100%        5
 Irradiate                Conj/Tmut      0%         3d11      100%        5
 Yara's Violent Unravell  Hex/Tmut       0%         3d3       100%        5
 Dragon Form              Tmut           0%         N/A       100%        7


Dungeon Overview and Level Annotations

Branches:
Dungeon (8/15)             Temple (1/1) D:4         Ossuary (visited)
   Lair: D:8-11

Altars:
Ashenzari
Cheibriados
Dithmenos
Fedhas
Gozag
Kikubaaqudgha
Makhleb
Nemelex Xobeh
Okawaru
Qazlal
Ru
Sif Muna
Trog
Uskayaw
Vehumet
Wu Jian
Xom
Zin
The Shining One

Shops:
D:3 ([[   D:7 *


Innate Abilities, Weirdness & Mutations

You have razor-sharp teeth.
Your natural rate of healing is unusually fast.
When hurt, damage is shared between your health and your magic reserves.
Your bite disrupts and absorbs the magic of your enemies.
Potions cannot restore your health.


Message History

You hit the steam dragon.
The steam dragon is poisoned.
Your bite misses the steam dragon.
The steam dragon is lightly wounded.
You hit the steam dragon but do no damage.
The steam dragon looks as sick as possible!
You bite the steam dragon! You drain its power.
You feel invigorated.
The steam dragon is moderately wounded.
The steam dragon completely misses you. The steam dragon misses you.
Unknown command.
The steam dragon attacks as you move away!
The steam dragon barely misses you. The steam dragon closely misses you.
The steam dragon breathes steam at you. The ball of steam hits you!!
You hear an angry hiss.
You see here a +0 war axe.
Unknown command.
Unknown command.
You are engulfed in a cloud of scalding steam.
The steam dragon breathes steam at you. The ball of steam hits you!
Unknown command.
Really stalk into that cloud of steam?
Okay, then.
Unknown command.
Aiming: Wall Jump
Press: ? - help, Dir - move target Really wall jump into that cloud of steam?
You are engulfed in a cloud of scalding steam.
* * * LOW HITPOINT WARNING * * *
A steam dragon comes into view.
Unknown command.
Unknown command.
The steam dragon hisses angrily.
There is a stone staircase leading up, spattered with blood here.
Unknown command.
You are engulfed in a cloud of scalding steam.
* * * LOW HITPOINT WARNING * * *
The steam dragon breathes steam at you. The ball of steam hits you!!
You die...

.. .
####.
...#
#g#####
#§....#
##D#####
#D[#
####@####
#..)§...#
#.[§....#
#...[...#
#.......#
#.......#
#.......#
#.......#
#.......#


You could see 2 steam dragons and a gnoll.

Vanquished Creatures
  A steam dragon (D:7)
  An acid dragon (D:7)
  2 ice beasts
  2 sky beasts
  A black bear (D:7)
  An orc warrior (D:7)
  2 ogres
  2 centaurs
  A phantom (D:7)
  A kobold brigand (D:7)
  A bullfrog (D:5)
  7 scorpions
  5 killer bees
  4 orc priests
  2 hounds (D:5)
  3 jellies
  A gnoll bouda (D:8)
  A sleepcap (D:7)
  2 iguanas
  2 orc wizards
  8 mummies (Ossuary)
  5 adders
  5 gnolls
  3 white imps
  A worm (D:2)
  4 dart slugs
  27 orcs
  8 endoplasms
  2 giant cockroaches
  11 goblins
  4 hobgoblins
  5 kobolds
  2 quokkas
  11 ball pythons
  7 bats
  7 frilled lizards
  2 gnoll zombies
  A goblin zombie (D:4)
  4 hobgoblin zombies (Ossuary)
  2 kobold zombies (Ossuary)
  An orc zombie (Ossuary)
  7 rats
169 creatures vanquished.

Vanquished Creatures (others)
  A gnoll (D:8)
1 creature vanquished.

Grand Total: 170 creatures vanquished

Notes
Turn   | Place    | Note
-------+----------+-------------------------------------------
     0 | D:1      | Angani the Vine Stalker Monk began the quest for the Orb.
     0 | D:1      | Reached XP level 1. HP: 11/11 MP: 2/2
    96 | D:1      | Reached XP level 2. HP: 16/16 MP: 3/3
   614 | D:1      | Reached XP level 3. HP: 19/20 MP: 2/4
  1152 | D:2      | Gained mutation: Your natural rate of healing is unusually
                  | fast. [Vine Stalker growth]
  1152 | D:2      | Reached XP level 4. HP: 19/24 MP: 3/5
  1710 | D:3      | Found a sacrificial altar of Ru.
  1778 | D:3      | Reached XP level 5. HP: 23/29 MP: 2/6
  1859 | D:3      | Found a shadowy altar of Dithmenos.
  1867 | D:3      | Found Naakie's Antique Armour Boutique.
  1979 | D:3      | Found Aden's Antique Weapon Boutique.
  2137 | D:3      | Found Bodid's Antique Armour Shoppe.
  2321 | D:4      | Found a sand-covered staircase.
  2336 | Ossuary  | Entered an ossuary
  2457 | Ossuary  | Reached XP level 6. HP: 29/33 MP: 5/7
  2663 | D:3      | Bought a pair of shimmering gloves for 218 gold pieces
  2663 | D:3      | Identified the +2 pair of gloves of the Gate {rElec rC+ rN+
                  | Dex+2 Slay-6} (You bought it in a shop on level 3 of the
                  | Dungeon)
  3205 | D:4      | Found a staircase to the Ecumenical Temple.
  3218 | Temple   | Entered the Ecumenical Temple
  3276 | Temple   | Became a worshipper of the Wu Jian Council
  3276 | Temple   | Reached * piety under Wu Jian
  3276 | Temple   | Reached ** piety under Wu Jian
  3630 | D:5      | Entered Level 5 of the Dungeon
  3687 | D:4      | Reached XP level 7. HP: 21/38 MP: 3/8
  3906 | D:5      | Reached skill level 5 in Fighting
  3908 | D:5      | Found an ancient bone altar of Kikubaaqudgha.
  3909 | D:5      | Reached skill level 5 in Short Blades
  4028 | D:5      | Found a glowing silver altar of Zin.
  4043 | D:5      | Gained mutation: You have razor-sharp teeth. [Vine Stalker
                  | growth]
  4043 | D:5      | Reached XP level 8. HP: 44/44 MP: 9/9
  4134 | D:5      | Reached skill level 5 in Dodging
  4240 | D:5      | Found an opulent altar of Gozag.
  4379 | D:5      | Found a shimmering blue altar of Sif Muna.
  5178 | D:6      | Found a burning altar of Makhleb.
  5592 | D:7      | Reached XP level 9. HP: 49/49 MP: 10/10
  5884 | D:7      | Reached *** piety under Wu Jian
  6167 | D:7      | Found Dekhlaf's CLEARANCE SALE!.
  6173 | D:7      | Bought a scroll of identify for 8 gold pieces
  6173 | D:7      | Bought a potion of curing for 12 gold pieces
  6494 | D:8      | Killed from afar by a steam dragon

Illustrated notes

Levels and vault maps discovered:
D:1:      lemuel_arrival_broad_hall, layout_loops_ring
D:2:      cheibrodos_old_hovel, layout_basic
D:3:      layout_basic, nicolae_ru_sacrificial_ziggurat, lemuel_round_altar,
          serial_shops, nicolae_shop_tiny_real_fake_doors, shop,
          nicolae_shop_peninsula
D:4:      layout_loops_corners, minmay_temple_entry_purple_smoke,
          enter_ossuary_3
D:5:      layout_loops_ring, nicolae_overflow_crystal_walls, minitemple,
          mainiacjoe_overflow_paths
D:6:      layout_basic, marbit_many_paths
D:7:      layout_loops_corners, nicolae_water_bricks, nicolae_shop_clearance
D:8:      layout_rooms, grunt_lair_entry_orc_guard_hut, serial_shops,
          nicolae_shop_window_shopping
Temple:   nicolae_temple_x_marks_the_god

Skill      XL: |  1  2  3  4  5  6  7  8  9 |
---------------+----------------------------+-----
Short Blades   | 3 4 5 6 7 |  7.3
Fighting       | 3 4 5 6 7 |  7.4
Dodging        | 3 4 5 6 |  6.7

Action                     |  1- 3 |  4- 6 |  7- 9 || total
---------------------------+-------+-------+-------++-------
  Melee: Short sword       |    35 |       |     9 ||    44
         Bite              |    30 |    65 |   117 ||   212
         Dagger            |    54 |   112 |   236 ||   402
         Rapier            |       |    54 |       ||    54
Ability: Whirlwind         |       |     1 |    41 ||    42
         Lunge             |       |       |    18 ||    18
         Wall Jump         |       |       |     6 ||     6
    Use: Scroll            |       |    12 |     4 ||    16
         Potion            |       |       |     1 ||     1
   Stab: Sleeping          |     1 |       |       ||     1
 Armour: Robe              |    18 |    13 |    15 ||    46
  Dodge: Dodged            |    43 |   108 |   115 ||   266

Table legend: (Time is in decaauts)
 A = Elapsed time spent in this place.
 B = Non-inter-level travel time spent in this place.
 C = Inter-level travel time spent in this place.
 D = Time resting spent in this place.
 E = Time spent auto-exploring this place.
 F = Levels seen in this place.
 G = Mean time per level.
                   A        B        C        D        E       F      G
               +--------+--------+--------+--------+--------+-----+--------+
         Total |   6422 |   6215 |    207 |    393 |   4768 |  10 |  642.2 |
       Dungeon |   6079 |   5875 |    204 |    376 |   4574 |   8 |  759.9 |
        Temple |     62 |     59 |      3 |      0 |     44 |   1 |   62.0 |
       Ossuary |    279 |    279 |      0 |     17 |    150 |   1 |  279.0 |
               +--------+--------+--------+--------+--------+-----+--------+

Top non-repeatable levels by time:
     D:4: 1230 daAuts
     D:7: 1041 daAuts
     D:6: 812 daAuts
     D:2: 806 daAuts
     D:1: 791 daAuts
     D:5: 738 daAuts
     D:3: 636 daAuts
 Ossuary: 279 daAuts
  Temple: 62 daAuts
     D:8: 23 daAuts
